Map: Stasis LE

Players

Odin - Winner!

  • Race: Zerg Zerg
  • League: Gold
  • Spawn Location: 11:00

keyser

  • Race: Terran Terran
  • League: Gold
  • Spawn Location: 1:00

VOD

Have the link to the VOD?

Description

Time

  • Played on: Dec. 15, 2018, 1:20 a.m.
  • Length: 5:41
Show
View Real Time Build Order
Export as new Build Order

Odin Zerg - Winner!

Build Orders: Pool First, Zergling Baneling 

Get SALT Encoding   

  12  0:11  Drone x2  
  14  0:17  Extractor  
  14  0:18  Drone  
  15  0:24  Overlord  
  15  0:35  Extractor  
  14  0:44  Spawning Pool  
  14  0:45  Drone  
  14  0:49  Drone  
  15  1:07  Drone x2  
  17  1:18  Drone  
  18  1:38  Hatchery  
  18  1:39  Queen  
  19  1:57  Drone x2  
  19  1:58  Drone  
  22  2:01  Baneling Nest  
  21  2:16  Overlord  
  21  2:28  Overlord  
  21  2:35  Metabolic Boost  
  21  2:37  Zergling x2  
  22  2:49  Zergling x2  
  23  2:52  Zergling x4  
  25  3:01  Zergling x2  
  25  3:02  Zergling x6  
  29  3:08  Zergling x2  
  30  3:15  Zergling x2  
  30  3:18  Queen  
  33  3:25  Zergling x4  
  35  3:35  Zergling x2  
  35  3:37  Overlord  
  35  3:38  Overlord  
  36  3:48  Baneling x3  
  36  3:49  Baneling  
  36  3:50  Baneling x4  
  36  3:51  Baneling x2  
  36  4:01  Zergling x6  
  36  4:02  Zergling x2  
  28  4:26  Zergling x4  
  28  4:27  Zergling x12  
  35  4:34  Zergling x2  
  32  4:55  Zergling x8  
  36  5:02  Roach Warren  
  36  5:05  Baneling x6  
  36  5:06  Baneling  
  35  5:08  Baneling  
  35  5:09  Baneling  
Show
View Real Time Build Order
Export as new Build Order

keyser Terran 

Build Orders:  

Get SALT Encoding   

  12  0:00  SCV  
  13  0:17  Supply Depot  
  13  0:18  SCV  
  14  0:30  SCV  
  15  0:41  Barracks  
  16  0:42  SCV  
  16  0:56  Refinery, SCV  
  17  1:08  SCV  
  18  1:20  SCV  
  19  1:32  SCV  
  20  1:33  Supply Depot  
  20  1:37  Marine, Refinery  
  21  1:48  Orbital Command  
  21  1:54  Marine  
  21  2:00  Barracks  
  22  2:12  Marine  
  22  2:15  Factory  
  23  2:33  Barracks  
  23  2:34  SCV  
  24  2:37  Barracks Reactor  
  24  2:58  Command Center  
  24  3:05  Hellion  
  26  3:08  Barracks Tech Lab  
  26  3:11  SCV  
  27  3:26  Barracks Tech Lab  
  27  3:29  Marine x2  
  29  3:42  Starport  
  29  3:51  Supply Depot  
  29  4:04  Marine x2  
  31  4:10  Siege Tank  
  32  4:21  Liberator  
  27  4:37  Supply Depot  
  27  4:40  Barracks Tech Lab, Supply Depot  
  27  4:43  Marine x2  
  32  5:13  Orbital Command  
  32  5:19  Refinery  
  35  5:21  Marine  
  35  5:22  Marine  
Tags
 
League
GoldGold
Matchup
TvZ
Opening
Pool First
Spawn Locations
Close Positions
Add a new tag
Caveats
  • Supply blocks, unpowered buildings, or Contaminate may cause inaccurate times.
  • Supply counts are checked every 10 seconds.